 Dungeon Crawl Stone Soup version 0.20.1-1-g8b1a95d (webtiles) character file.

195 esteth the Insei (level 5, -3/36 HPs)
             Began as an Octopode Transmuter on Oct 25, 2017.
             Slain by an orc wizard
             ... wielding a +0 dagger
              (6 damage)
             ... on level 3 of the Dungeon.
             The game lasted 00:07:18 (3089 turns).

esteth the Insei (Octopode Transmuter)              Turns: 3089, Time: 00:07:18

Health: -3/36      AC:  1    Str: 11    XL:     5   Next: 74%
Magic:  0/8        EV: 13    Int: 17    God:
Gold:   134        SH:  0    Dex: 12    Spells: 5/8 levels left

rFire    . . .     SeeInvis .     - Unarmed
rCold    . . .     Gourm    .   (no shield)
rNeg     . . .     Faith    .   (helmet restricted)
rPois    +         Spirit   .   (no amulet)
rElec    .         Reflect  .   (no ring)
rCorr    .         Harm     .   (no ring)
MR       .....                  (no ring)
Stlth    +++.......             (no ring)
Regen    0.2/turn               (no ring)
MPRegen  0.2/turn               (no ring)
                                (no ring)
                                (no ring)

@: very slightly contaminated
A: almost no armour, stealthy swim, amphibious, 8 rings, constrict 8, camouflage
2, poison resistance, strong 1, gelatinous body 1
a: no special abilities


You were on level 3 of the Dungeon.
You were very hungry.

You visited 1 branch of the dungeon, and saw 3 of its levels.

You collected 134 gold pieces.

Inventory:

Missiles
 a - 21 arrows
Jewellery
 k - an uncursed amulet of the gourmand {unknown}
 l - a cursed ring of loudness {unknown}
Wands
 d - a wand of flame (27/48)
Books
 b - a book of Changes

   Spells                             Type                      Level
   a - Beastly Appendage              Transmutation                1
   b - Sticks to Snakes               Transmutation                2
   c - Spider Form                    Transmutation/Poison         3
   d - Ice Form                       Ice/Transmutation            4
   e - Blade Hands                    Transmutation                5
Comestibles
 c - 4 bread rations
 j - a royal jelly


   Skills:
 + Level 3.0 Fighting
 - Level 2.0 Dodging
 + Level 4.6 Unarmed Combat
 - Level 2.0 Spellcasting
 - Level 3.3 Transmutations


You had 5 spell levels left.
You knew the following spells:

 Your Spells              Type           Power        Failure   Level  Hunger
a - Beastly Appendage     Tmut           ##....       4%          1    #......
b - Sticks to Snakes      Tmut           ##......     8%          2    ###....


Dungeon Overview and Level Annotations

Branches:
Dungeon (3/15)

Altars:


Innate Abilities, Weirdness & Mutations

You cannot wear most types of armour.
You are very stealthy in the water. (Stealth+)
You are amphibious.
You can wear up to eight rings at the same time.
You can use your tentacles to constrict eight enemies at once.
Your skin blends seamlessly with your surroundings (Stealth++).
Your rubbery body absorbs attacks. (AC +1, EV +1)
Your system is resistant to poisons. (rPois)
Your muscles are strong. (Str +2)


Message History

The orc wizard flickers and vanishes!
Deactivating autopickup; reactivate with Ctrl-A.
Casting: Sticks to Snakes
Confirm with . or Enter, or press ? or * to list all spells.
You create a snake!
You now have 21 arrows.
You are feeling very hungry.
What are your orders? t - Shout!
Orders for allies: a - Attack new target. r - Retreat! s - Stop attacking. g - Guard the area. f - Follow me.
Anything else - Cancel.
Gang up on whom?
Press: ? - help, Dir - move target cursor There's nothing there!
Something hits you.
* * * LOW HITPOINT WARNING * * *
Something hits you but does no damage. Something hits you.
You die...

#.......#.#.#.#####(####....#
###.####.......####.##...#..##
#.# ###.#.#.#...(.....###..#
#.###.....)..###§§#..#+ +#..
#.#...#.#.#.## #§#..## ##.
#>#..........# #§#.## ##
##.....#)#.#.## #§#..## ##.
###..####.....S.###§#...## ##..
#.<......#.#.#@#.........###...
#......##.............#...#....
#......###.#.#.#...............
###.....................§........
#...#...####.#.#.#.......#####...
#...#...###.#..........(.########
#...#....##.######..)..........#
#...#..#.##.#######.##########.#
#####.##.##.##.............


You could see a friendly ball python.

Vanquished Creatures
  An orc priest (D:3)
  An orc wizard (D:3)
  8 adders (D:2)
  2 worms (D:2)
  6 dart slugs
  3 leopard geckos (D:2)
  An orc (D:3)
  A giant cockroach (D:2)
  3 goblins
  A hobgoblin (D:2)
  4 kobolds
  5 quokkas
  2 ball pythons
  4 bats (D:2)
  6 frilled lizards
  A leopard gecko zombie (D:3)
  3 rats
52 creatures vanquished.

Vanquished Creatures (collateral kills)
  2 adders (D:2)
  A leopard gecko (D:2)
  An orc (D:3)
  A frilled lizard (D:2)
5 creatures vanquished.

Grand Total: 57 creatures vanquished

Notes
Turn   | Place    | Note
-------+----------+-------------------------------------------
     0 | D:1      | esteth the Octopode Transmuter began the quest for the Orb.
     0 | D:1      | Reached XP level 1. HP: 13/13 MP: 3/3
   319 | D:1      | Reached XP level 2. HP: 18/18 MP: 5/5
   323 | D:1      | Learned a level 2 spell: Sticks to Snakes
   432 | D:2      | Reached XP level 3. HP: 9/23 MP: 0/6
  1148 | D:2      | Reached XP level 4. HP: 24/28 MP: 7/7
  1904 | D:2      | Reached skill level 4 in Unarmed Combat
  2269 | D:2      | Reached XP level 5. HP: 24/35 MP: 8/8
  2523 | D:2      | Gained mutation: Your system is resistant to poisons. (rPois) [potion of mutation]
  2523 | D:2      | Gained mutation: Your skin blends seamlessly with your surroundings (Stealth++). [potion of mutation]
  2523 | D:2      | Gained mutation: Your muscles are strong. (Str +2) [potion of mutation]
  3089 | D:3      | Slain by an orc wizard

Skill      XL: |  1  2  3  4  5 |
---------------+----------------+-----
Transmutations | 3 |  3.3
Fighting       | 2 3 |  3.0
Unarmed Combat | 4 |  4.6
Dodging        | |  2.0
Spellcasting   | |  2.0

Action                   |  1- 3 |  4- 6 || total
-------------------------+-------+-------++-------
Melee: Unarmed           |    63 |    69 ||   132
       Constrict         |    14 |    23 ||    37
       Punch             |     3 |     6 ||     9
       Tentacles         |    13 |     9 ||    22
       Kick              |     1 |       ||     1
 Cast: Sticks to Snakes  |     3 |    15 ||    18
       Beastly Appendage |     1 |       ||     1
  Use: Scroll            |       |     5 ||     5
       Potion            |       |     3 ||     3
 Stab: Sleeping          |     4 |     3 ||     7
  Eat: Chunk             |     1 |     6 ||     7
Armor: Skin              |    12 |     4 ||    16
Dodge: Dodged            |    78 |    50 ||   128
